Map: Lost and Found LE

Players

Neeb - Winner!

  • Race: Protoss Protoss
  • Spawn Location: 7:00

TYTY (TY)

  • Race: Terran Terran
  • Spawn Location: 1:00

Event: 2018 WCS Global Finals

VOD

Have the link to the VOD?

Description

Time

  • Played on: Oct. 26, 2018, 12:53 p.m.
  • Length: 8:25

All games in this series

Show
View Real Time Build Order
Export as new Build Order

Neeb Protoss - Winner!

Build Orders: 1 Gate Expand, Oracle Opening 

Get SALT Encoding   

  12  0:00  Probe  
  13  0:12  Probe  
  14  0:18  Pylon  
  14  0:24  Probe  
  15  0:32  Probe  
  15  0:37  Gateway  
  15  0:40  Probe  
  16  0:46  Assimilator  
  17  0:51  Probe  
  18  1:03  Probe  
  19  1:15  Probe  
  20  1:24  Nexus  
  20  1:33  Cybernetics Core  
  20  1:39  Probe  
  21  1:40  Assimilator  
  21  1:50  Pylon  
  21  1:51  Probe  
  22  1:59  Probe  
  22  2:07  Probe  
  23  2:11  Stargate  
  23  2:15  Probe, Adept  
  27  2:23  Probe  
  27  2:24  Warp Gate  
  28  2:32  Probe x2  
  30  2:40  Probe  
  30  2:42  Adept  
  30  2:44  Probe  
  33  2:46  Oracle  
  33  2:48  Pylon  
  33  2:50  Probe  
  34  2:57  Probe  
  34  3:02  Probe  
  40  3:09  Probe, Stalker  
  43  3:14  Probe  
  43  3:19  Pylon  
  44  3:24  Oracle, Probe  
  45  3:27  Probe  
  45  3:32  Shield Battery  
  46  3:39  Gateway  
  46  3:40  Gateway  
  49  3:45  Probe x2  
  49  3:46  Stalker  
  53  3:52  Shield Battery  
  53  3:53  Pylon  
  53  3:57  Probe  
  53  3:58  Probe  
  55  4:04  Phoenix  
  55  4:09  Probe  
  57  4:11  Probe  
  57  4:17  Nexus  
  57  4:21  Probe  
  57  4:23  Probe  
  59  4:29  Assimilator  
  59  4:32  Assimilator  
  59  4:34  Probe  
  59  4:37  Probe  
  61  4:39  Forge  
  61  4:41  Twilight Council  
  61  4:46  Probe  
  61  4:47  Sentry  
  61  4:49  Probe  
  61  4:52  Stalker  
  67  4:54  Pylon  
  67  4:57  Pylon  
  67  4:58  Probe  
  68  5:01  Probe  
  68  5:06  Robotics Facility  
  69  5:15  Adept x2  
  69  5:16  Adept  
  69  5:18  Probe  
  69  5:20  Pylon  
  73  5:21  Shield Battery  
  73  5:24  Probe  
  67  5:36  Probe  
  67  5:39  Probe  
  67  5:40  Protoss Ground Armor Level 1, Stalker x3  
  67  5:41  Probe  
  75  5:45  Resonating Glaives  
  75  5:48  Probe  
  71  5:51  Probe  
  71  5:53  Probe  
  73  6:00  Probe, Immortal  
  73  6:03  Probe  
  79  6:05  Probe  
  80  6:12  Gateway  
  80  6:17  Gateway  
  80  6:23  Gateway  
  80  6:24  Gateway  
  80  6:26  Warp Prism  
  80  6:27  Gateway  
  80  6:31  Pylon  
  80  6:33  Sentry x2  
  80  6:34  Adept  
  88  6:40  Probe x2  
  88  6:41  Probe  
  91  6:47  Pylon  
  91  6:52  Probe  
  91  6:53  Probe x2  
  94  6:56  Adept x2  
  94  6:58  Pylon  
  94  6:59  Adept  
  100  7:04  Probe, Immortal  
  105  7:13  Photon Cannon  
  105  7:14  Adept x2  
  109  7:20  Adept x3  
  115  7:32  Adept  
  115  7:33  Adept x2  
  121  7:44  Pylon  
  121  7:55  Adept x3  
  121  7:56  Adept x3  
  131  8:00  Adept  
  131  8:01  Adept  
  131  8:08  Probe  
  128  8:17  Adept x6  
Show
View Real Time Build Order
Export as new Build Order

TYTY Terran 

Build Orders:  

Get SALT Encoding   

  12  0:00  SCV  
  13  0:13  SCV  
  14  0:17  Supply Depot  
  14  0:25  SCV  
  15  0:38  SCV  
  15  0:39  Barracks  
  16  0:43  Refinery  
  16  0:50  SCV  
  17  1:03  SCV  
  18  1:15  SCV  
  19  1:28  Marine  
  19  1:29  Orbital Command  
  20  1:45  Command Center  
  20  1:53  Factory  
  20  1:56  SCV  
  21  2:04  Barracks Reactor, Supply Depot  
  21  2:09  SCV  
  22  2:21  SCV  
  23  2:33  SCV  
  26  2:37  Hellion  
  26  2:38  Starport  
  26  2:40  Marine x2  
  28  2:45  SCV  
  29  2:51  Refinery  
  29  2:57  SCV  
  30  3:07  Marine, Hellion x2  
  30  3:09  SCV  
  30  3:10  Orbital Command  
  36  3:18  Medivac  
  38  3:21  SCV  
  39  3:33  Marine x2, SCV  
  42  3:35  Widow Mine  
  42  3:36  SCV  
  42  3:37  Supply Depot  
  45  3:45  SCV  
  46  3:59  Factory Tech Lab, Marine x2, Viking, SCV x2  
  46  4:00  Supply Depot  
  52  4:11  SCV  
  52  4:12  SCV  
  52  4:13  Liberator  
  52  4:17  Marine x2  
  52  4:21  Supply Depot x2  
  52  4:22  Siege Tank  
  52  4:24  SCV  
  58  4:29  Barracks  
  61  4:33  SCV  
  62  4:42  Marine, SCV  
  62  4:45  Supply Depot  
  64  4:46  SCV  
  64  4:48  Marine  
  64  4:50  Barracks  
  66  4:54  Siege Tank  
  66  4:56  SCV  
  70  5:00  Marine  
  70  5:06  Marine  
  72  5:07  SCV  
  72  5:10  SCV  
  70  5:17  Marine  
  70  5:19  SCV  
  65  5:22  SCV  
  65  5:24  Marine, Barracks Tech Lab  
  63  5:31  SCV  
  63  5:34  SCV  
  58  5:35  Marine  
  58  5:42  Marine  
  61  5:45  Marine  
  61  5:48  SCV  
  61  5:49  SCV  
  53  5:52  Stimpack  
  53  5:53  Marine  
  50  6:00  Marine x2  
  50  6:01  SCV x2  
  54  6:07  Engineering Bay  
  54  6:09  Factory Reactor  
  54  6:11  Marine  
  55  6:13  SCV x2  
  55  6:15  Refinery  
  58  6:21  Supply Depot  
  58  6:22  Marine  
  58  6:24  Marauder  
  58  6:25  Marauder, SCV x2  
  64  6:30  Marine  
  64  6:31  Refinery  
  65  6:37  SCV x2  
  67  6:40  Marine  
  67  6:45  Marine x2  
  67  6:46  Widow Mine x2  
  74  6:50  Marine  
  74  6:51  SCV x2  
  77  6:55  Supply Depot  
  77  6:56  Medivac  
  77  6:58  Marine  
  80  7:03  Marine, SCV  
  80  7:04  SCV  
  80  7:05  Marauder  
  85  7:09  Supply Depot  
  85  7:10  Widow Mine  
  85  7:12  Widow Mine  
  89  7:15  SCV  
  89  7:17  Marine  
  89  7:21  Marauder  
  93  7:25  SCV  
  93  7:27  Marine x2  
  93  7:28  SCV  
  97  7:37  Marine  
  97  7:39  Medivac x2  
  97  7:42  Marine  
  103  7:48  Factory Reactor  
  103  7:49  Marauder, Supply Depot  
  103  7:50  Marine  
  106  7:52  SCV x2  
  106  7:56  Marine  
  104  8:00  Marine  
  104  8:04  SCV  
  104  8:05  SCV  
Tags
 
Add a new tag
Caveats
  • Supply blocks, unpowered buildings, or Contaminate may cause inaccurate times.
  • Supply counts are checked every 10 seconds.